 Dungeon Crawl Stone Soup version 0.31-a0-216-g22e908daa7 (webtiles) character file.

Game seed: 13945632955841450696

102 qw the Chopper (level 4, -4/28 HPs)
             Began as a Gargoyle Fighter on July 2, 2023.
             Killed from afar by an orc wizard (10 damage)
             ... with a puff of flame
             ... on level 3 of the Dungeon.
             The game lasted 00:01:03 (1779 turns).

qw the Chopper (Gargoyle Fighter)                   Turns: 1779, Time: 00:01:03

Health: -4/28      AC: 10    Str: 21    XL:     4   Next: 78%
Magic:  4/4        EV:  9    Int:  9    God:
Gold:   145        SH:  4    Dex:  9    Spells: 3/3 levels left

rFire   . . .        Y - +0 war axe
rCold   . . .        c - +0 buckler
rNeg    + . .        b - +0 scale mail
rPois   inf          (no helmet)
rElec   +            (no cloak)
rCorr   .            (no gloves)
SInv    .            (no boots)
Will    .....        (no amulet) Stlth
                     (no ring)
HPRegen 0.24/turn    (no ring)
MPRegen 0.09/turn

%: no passive effects
@: no status effects
A: sickness immunity, AC +3, negative energy resistance 1, electricity
resistance, torment resistance 1, petrification resistance
a: no special abilities


You were on level 3 of the Dungeon.
You visited 1 branch of the dungeon, and saw 3 of its levels.

You collected 145 gold pieces.


Innate Abilities, Weirdness & Mutations

You are immune to sickness and miasma.
Your stone body is resilient. (AC +3)
You are immune to poison.
You resist negative energy. (rN+)
You are resistant to electric shocks. (rElec)
You are resistant to unholy torment.
You are immune to petrification.


   Skills:
 - Level 3.2 Fighting
 + Level 4.4 Axes
 - Level 3.2 Armour
 - Level 3.2 Shields


You had 3 spell levels left.
You didn't know any spells.
Your spell library was empty.

Inventory:

Hand Weapons
 k - a +0 flail
 Y - a +0 war axe (weapon)
Armour
 b - a +0 scale mail (worn)
 c - a +0 buckler (worn)
Jewellery
 i - an amulet of guardian spirit
Potions
 a - a potion of curing {unknown}
 d - a potion of might
 g - a potion of degeneration {unknown}
 h - a potion of cancellation {unknown}

Dungeon Overview and Level Annotations

Branches:
Dungeon (3/15)

Altars:
Trog


Message History

The orc wizard hits you but does no damage.
You closely miss the orc wizard.
The orc wizard points at you and mumbles some strange words.
The magic dart hits you!
You barely miss the orc wizard.
The orc wizard hits you but does no damage.
You barely miss the orc wizard. The orc wizard barely misses you.
The orc wizard hits you but does no damage.
You barely miss the orc wizard.
The orc wizard gestures at you while chanting.
You are confused.
The orc wizard hits you but does no damage.
The orc wizard mumbles some strange words.
The orc wizard flickers and vanishes!
Deactivating autopickup; reactivate with Ctrl-A.
You completely miss something. Something hits you but does no damage.
You bump into the rock wall.
Something hits you but does no damage.
You completely miss something.
An orc comes into view. It is wielding a +0 flail.
Something hits you. x2
Something hits you but does no damage. The orc completely misses you.
You feel less confused. Something hits you. The orc closely misses you.
You hit the orc but do no damage. You barely miss something.
The orc hits you with a +0 flail. Something hits you.
You hit the orc.
The orc is lightly wounded.
You miss something. Something hits you but does no damage.
The orc closely misses you.
You hit the orc.
The orc is almost dead.
You miss something. The orc closely misses you.
You hear some strange, mumbled words.
A puff of flame appears from out of thin air!
The puff of flame hits you!
You die...

#########.#.#
#
#......(.....
#.
#....####.#..
###..##...<##
..o...%.....#
. ...##o....#
lo..####@....#
.......{.....#
.....###.....#
..# #.....#
##.......
#........
........#
##.#.....
.######


You could see an orc.

Vanquished Creatures
  4 adders
  2 worms (D:2)
  A dart slug (D:2)
  3 orcs
  3 ball pythons
  5 bats
  4 endoplasms
  5 giant cockroaches
  2 hobgoblins (D:1)
  6 jackals (D:2)
  6 kobolds
  A quokka (D:2)
  4 frilled lizards
  5 goblins
  3 rats (D:2)
54 creatures vanquished.

Notes
Turn   | Place    | Note
-------+----------+-------------------------------------------
     0 | D:1      | qw the Gargoyle Fighter began the quest for the Orb.
     0 | D:1      | Reached XP level 1. HP: 14/14 MP: 1/1
     0 | D:1      | 0 ||| qw: Version: 0.3-a-35-g05ef00e
     0 | D:1      | 0 ||| qw: Game counter: 7825
     0 | D:1      | 0 ||| qw: Melee chars always use a shield: true
     0 | D:1      | 0 ||| qw: God list: Okawaru
     0 | D:1      | 0 ||| qw: Allow faded altars: false
     0 | D:1      | 0 ||| qw: Do Orc after clearing Dungeon:15 true
     0 | D:1      | 0 ||| qw: Do second Lair branch before Depths: true
     0 | D:1      | 0 ||| qw: Lair rune preference: random
     0 | D:1      | 0 ||| qw: Goals: Normal, Zot:1-4, Slime:5, God:TSO, Crypt,
                  | Tomb, Abyss, Pan, Hells, Win
     0 | D:1      | 0 ||| PLANNING D:1-11
    85 | D:1      | Reached skill level 2 in Axes
   180 | D:1      | Reached XP level 2. HP: 19/19 MP: 2/2
   417 | D:1      | 417 ||| Stepping ~*~*~tactically~*~*~ (stealth).
   423 | D:1      | 423 ||| Stepping ~*~*~tactically~*~*~ (stealth).
   547 | D:1      | Reached skill level 3 in Axes
   628 | D:1      | Reached XP level 3. HP: 23/23 MP: 3/3
   745 | D:1      | 745 ||| READING scroll labelled LADWUKHOANA.
   762 | D:1      | 762 ||| READING scroll labelled JARIMP NODWU.
   763 | D:1      | 763 ||| READING scroll labelled XUXUOV ELAHI.
   764 | D:1      | 764 ||| READING scroll labelled BYBUDOUXYNT.
  1132 | D:2      | Found a bloodstained altar of Trog.
  1142 | D:2      | Reached XP level 4. HP: 22/28 MP: 4/4
  1244 | D:2      | 1244 ||| DROPPING +0 mace.
  1267 | D:2      | 1267 ||| Stepping ~*~*~tactically~*~*~ (stealth).
  1268 | D:2      | 1268 ||| Stepping ~*~*~tactically~*~*~ (stealth).
  1280 | D:2      | Reached skill level 4 in Axes
  1691 | D:2      | 1691 ||| DROPPING orb of wrath.
  1692 | D:2      | 1692 ||| READING 2 scrolls labelled EJE GIEPSAPH.
  1693 | D:2      | 1693 ||| READING scroll labelled NIOGUD JEOHEO.
  1694 | D:2      | 1694 ||| READING scroll labelled VYKHEDAHACY.
  1699 | D:2      | 1699 ||| DROPPING scroll of noise.
  1719 | D:3      | 1719 ||| STAIRDANCE
  1732 | D:3      | 1732 ||| Stepping ~*~*~tactically~*~*~ (stealth).
  1744 | D:3      | 1744 ||| Stepping ~*~*~tactically~*~*~ (stealth).
  1754 | D:3      | 1754 ||| Stepping ~*~*~tactically~*~*~ (stealth).
  1777 | D:3      | HP: 5/28 [something (4)]
  1779 | D:3      | Killed from afar by an orc wizard

Levels and vault maps discovered:
D:1:      dpeg_arrival_windows_large_door, layout_loops_cross
D:2:      layout_loops_ring, basic_altar
D:3:      layout_basic, mainiacjoe_overflow_concentric_impassable

Skill      XL: |  1  2  3  4 |
---------------+-------------+-----
Axes           | 2 3 4 |  4.4
Fighting       | |  3.2
Armour         | |  3.2
Shields        | |  3.2

Action                     |  1- 3 |  4- 6 || total
---------------------------+-------+-------++-------
  Melee: War axe           |   103 |    68 ||   171
    Use: Scroll            |     4 |     3 ||     7
 Armour: Scale mail        |    50 |    42 ||    92
  Dodge: Dodged            |    43 |    36 ||    79
  Block: Buckler           |    15 |    17 ||    32

Table legend:
 A = Non-vault XP
 B = Vault XP
 C = Vault XP percentage of total XP
 D = Non-vault monster count
 E = Vault monster count
 F = Vault count percentage of total count
                 A         B        C        D         E       F
            +---------+---------+-------+---------+---------+-------
      Total |     147 |       0 |   0.0 |      54 |       0 |   0.0
            +---------+---------+-------+---------+---------+-------
        D:1 |      34 |       0 |   0.0 |      21 |       0 |   0.0
        D:2 |      93 |       0 |   0.0 |      30 |       0 |   0.0
        D:3 |      20 |       0 |   0.0 |       3 |       0 |   0.0
            +---------+---------+-------+---------+---------+-------
